Map: [ESL] Hecate

Players

ShaDoWn

  • Race: Protoss Protoss
  • League: Master
  • Spawn Location: 7:00

RedpackCuKu (CuKu) - Winner!

  • Race: Terran Terran
  • League: Grandmaster
  • Spawn Location: 1:00

Event: HomeStory Cup XXIV

VOD

Have the link to the VOD?

Description

Time

  • Played on: Dec. 1, 2023, 2:24 p.m.
  • Length: 14:20

All games in this series

Show
View Real Time Build Order
Export as new Build Order

ShaDoWn Protoss 

Build Orders: 1 Gate Expand, Blink Stalkers 

Get SALT Encoding   

  12  0:00  Probe  
  13  0:12  Probe  
  14  0:17  Pylon  
  14  0:24  Probe  
  15  0:36  Gateway  
  15  0:37  Probe (Chrono Boost)  
  15  0:42  Assimilator  
  16  0:46  Probe (Chrono Boost)  
  17  0:52  Probe  
  18  1:04  Probe  
  19  1:16  Probe  
  20  1:24  Nexus  
  20  1:31  Cybernetics Core  
  20  1:35  Probe  
  21  1:40  Assimilator  
  21  1:47  Probe  
  21  1:50  Pylon  
  22  1:59  Probe  
  23  2:05  Adept (Chrono Boost)  
  23  2:08  Warp Gate  
  25  2:11  Probe (Chrono Boost)  
  26  2:22  Probe (Chrono Boost)  
  27  2:23  Twilight Council  
  27  2:27  Probe (Chrono Boost)  
  28  2:30  Stalker  
  28  2:36  Probe (Chrono Boost)  
  31  2:43  Probe (Chrono Boost)  
  32  2:46  Probe (Chrono Boost)  
  32  2:50  Probe (Chrono Boost)  
  32  2:51  Probe (Chrono Boost)  
  35  2:58  Gateway  
  35  3:02  Probe  
  35  3:04  Blink (Chrono Boost), Stalker  
  39  3:14  Probe  
  39  3:15  Shield Battery  
  39  3:18  Probe  
  38  3:22  Robotics Facility  
  38  3:26  Probe  
  39  3:30  Probe  
  39  3:32  Gateway  
  40  3:37  Pylon  
  40  3:38  Probe  
  41  3:42  Probe  
  42  3:49  Pylon  
  42  3:50  Probe  
  44  3:56  Probe  
  44  3:57  Stalker x2  
  48  4:02  Assimilator  
  48  4:04  Probe  
  48  4:05  Assimilator  
  48  4:08  Probe  
  51  4:10  Observer (Chrono Boost)  
  51  4:16  Probe  
  52  4:21  Probe  
  53  4:24  Stalker  
  53  4:25  Stalker  
  53  4:27  Pylon  
  53  4:28  Probe  
  53  4:30  Warp Prism (Chrono Boost)  
  58  4:38  Robotics Bay  
  59  5:03  Probe  
  59  5:04  Nexus  
  59  5:05  Stalker x2, Pylon  
  59  5:06  Observer  
  65  5:08  Stalker  
  65  5:11  Probe  
  68  5:15  Probe  
  68  5:16  Pylon  
  69  5:23  Probe  
  70  5:31  Stalker x3  
  72  5:37  Probe  
  66  6:00  Stalker x2  
  70  6:09  Probe  
  71  6:17  Robotics Facility  
  71  6:18  Pylon  
  67  6:24  Probe  
  68  6:27  Pylon  
  68  6:30  Probe  
  69  6:36  Probe  
  70  6:40  Nexus  
  70  6:42  Shield Battery, Probe  
  71  6:47  Observer (Chrono Boost)  
  71  6:52  Probe  
  71  6:53  Charge  
  73  6:59  Stalker x3  
  73  7:00  Observer (Chrono Boost)  
  79  7:05  Probe  
  81  7:09  Pylon  
  81  7:13  Probe  
  82  7:20  Probe  
  82  7:22  Gateway  
  79  7:25  Probe  
  86  7:32  Stalker x3  
  86  7:37  Probe  
  86  7:38  Probe  
  86  7:41  Assimilator x2  
  88  7:45  Colossus (Chrono Boost)  
  88  7:50  Gateway, Probe  
  88  7:51  Probe  
  96  7:54  Probe  
  97  8:01  Observer  
  97  8:03  Probe x2  
  99  8:07  Zealot x3  
  105  8:13  Probe  
  106  8:20  Colossus (Chrono Boost)  
  113  8:27  Probe  
  113  8:32  Extended Thermal Lance  
  113  8:36  Zealot x2  
  113  8:40  Pylon  
  117  8:41  Gateway  
  117  8:52  Stalker x2  
  113  8:57  Zealot x3  
  93  9:18  Zealot x5  
  86  9:40  Zealot x5  
  86  9:45  Zealot x5  
  94  9:49  Pylon  
  94  9:54  Probe  
  94  9:55  Probe  
  94  9:57  Pylon  
  94  9:59  Probe  
  91  10:08  Robotics Facility  
  91  10:09  Zealot x5  
  91  10:12  Gateway x2  
  101  10:15  Templar Archives, Probe  
  101  10:20  Shield Battery  
  102  10:23  Pylon  
  102  10:30  Zealot x5  
  102  10:31  Probe  
  102  10:33  Probe  
  102  10:35  Probe  
  115  10:40  Nexus  
  113  10:44  Probe  
  113  10:45  Robotics Facility, Probe  
  113  10:47  Pylon  
  115  10:54  High Templar x4  
  115  10:55  Zealot  
  125  10:59  Archon x2  
  119  11:12  Zealot x2  
  113  11:20  Disruptor (Chrono Boost)  
  109  11:27  Zealot x5  
  109  11:29  Probe  
  117  11:38  Pylon  
  117  11:39  Pylon  
  116  11:46  Zealot x2  
  108  11:48  Stalker x5  
  108  11:54  Disruptor (Chrono Boost)  
  86  12:35  Observer  
Show
View Real Time Build Order
Export as new Build Order

RedpackCuKu Terran - Winner!

Build Orders: Banshee Rush 

Get SALT Encoding   

  12  0:00  SCV  
  13  0:12  SCV  
  14  0:17  Supply Depot  
  14  0:24  SCV  
  15  0:39  Barracks, SCV  
  16  0:45  Refinery  
  16  0:51  SCV  
  17  1:03  SCV  
  18  1:15  SCV  
  19  1:29  Orbital Command  
  19  1:30  Barracks Reactor  
  19  1:42  Command Center  
  19  1:54  Supply Depot  
  19  1:56  SCV  
  20  2:05  Marine x2  
  20  2:08  SCV  
  23  2:16  Factory  
  23  2:23  Marine x2  
  23  2:24  SCV  
  23  2:28  Refinery  
  26  2:37  SCV  
  26  2:41  Marine x2  
  29  2:49  SCV  
  30  2:55  Orbital Command  
  30  3:00  Cyclone  
  30  3:03  Starport  
  32  3:07  SCV  
  33  3:14  Marine x2  
  33  3:19  SCV  
  36  3:21  SCV  
  36  3:23  Supply Depot  
  37  3:31  SCV  
  37  3:33  Factory Tech Lab, SCV  
  39  3:35  Marine  
  39  3:36  Marine  
  41  3:43  SCV  
  41  3:45  SCV  
  43  3:55  Banshee, Cloaking Field, SCV  
  44  3:57  Marine x2, SCV  
  44  3:58  Factory Tech Lab  
  44  4:01  Supply Depot  
  50  4:07  SCV  
  50  4:09  SCV  
  52  4:15  Marine x2  
  54  4:21  Barracks  
  54  4:22  Siege Tank, SCV x2  
  59  4:25  Supply Depot  
  59  4:28  Supply Depot  
  59  4:34  SCV x2  
  61  4:44  Barracks, Marine  
  62  4:46  Banshee, SCV, Marine  
  62  4:49  SCV  
  68  4:56  Siege Tank  
  68  4:59  SCV  
  71  5:01  SCV  
  71  5:05  Refinery, Engineering Bay  
  71  5:06  Supply Depot  
  72  5:10  Marine x2  
  72  5:12  Marine  
  72  5:13  SCV  
  76  5:16  SCV  
  76  5:19  Supply Depot  
  77  5:25  SCV  
  77  5:28  SCV, Marine x2  
  77  5:32  Siege Tank  
  82  5:39  Marine x2  
  79  5:46  Marine x2  
  81  5:53  Bunker  
  81  5:55  Bunker  
  81  5:59  Marine  
  81  6:03  Marine  
  81  6:04  Marine  
  76  6:20  Starport Reactor  
  76  6:21  Marine x2  
  76  6:22  SCV  
  76  6:24  Siege Tank  
  76  6:25  Stimpack, Barracks Tech Lab, Marine  
  78  6:28  SCV  
  78  6:31  Terran Infantry Weapons Level 1  
  72  6:34  SCV  
  72  6:38  Barracks x2  
  73  6:40  SCV  
  73  6:41  Marine, Refinery  
  73  6:43  Combat Shield  
  73  6:44  Marine x2  
  73  6:46  SCV  
  78  6:52  Marine  
  78  6:53  SCV  
  80  6:58  SCV  
  80  6:59  Marine  
  79  7:02  Siege Tank, Medivac, Marine x2  
  79  7:03  Medivac  
  88  7:09  Supply Depot  
  88  7:10  Marine, Supply Depot  
  88  7:11  SCV, Supply Depot  
  90  7:21  Marauder  
  91  7:23  Marine  
  91  7:25  SCV  
  91  7:27  Marine  
  91  7:28  Marauder, Marine x2  
  97  7:41  Marine  
  97  7:42  Marauder  
  99  7:45  Marine  
  99  7:46  Marine x2  
  99  7:50  Marauder  
  104  7:52  Medivac x2  
  104  7:54  Siege Tank  
  111  7:58  Command Center  
  111  7:59  Marine  
  111  8:02  Marine, Supply Depot  
  111  8:03  Marine, Marauder  
  116  8:06  Marine  
  116  8:11  Marauder  
  119  8:17  Marine  
  120  8:20  Marine  
  120  8:21  Marine  
  120  8:25  Marauder  
  120  8:26  Siege Tank  
  127  8:29  Marine  
  127  8:33  Marauder  
  130  8:34  Marine  
  130  8:38  Marine  
  130  8:39  Marine  
  130  8:41  Concussive Shells  
  133  8:46  Marine  
  134  8:54  Marauder  
  122  9:04  Marauder  
  122  9:08  Siege Tank  
  116  9:15  Marauder  
  103  9:17  Marine  
  103  9:19  Marine x2  
  103  9:20  Marine  
  97  9:25  Marauder  
  94  9:35  Marine  
  94  9:37  Marine x2, Marauder  
  94  9:38  Marine  
  93  9:40  Siege Tank  
  92  9:46  Marine  
  92  9:50  Medivac x2  
  97  9:53  Marine  
  97  9:55  Marine x2  
  97  9:56  Marine  
  97  9:57  Marine  
  102  10:04  Marine  
  97  10:11  Marine  
  97  10:13  Marine x2  
  97  10:14  Marine  
  100  10:15  Marine  
  100  10:16  Siege Tank  
  107  10:22  Liberator, Marine  
  107  10:27  Liberator  
  112  10:28  Marine  
  112  10:30  Marine x2  
  112  10:31  Marine  
  112  10:33  Marine  
  116  10:40  Marine  
  115  10:42  Orbital Command  
  115  10:46  Marine  
  115  10:48  Marine x2  
  118  10:50  Marine  
  118  10:51  Marine  
  120  10:58  Marine  
  121  11:04  Marine  
  120  11:12  Marine  
  116  11:28  Marine x2  
  116  11:31  Liberator x2, Marine x2  
  126  11:36  Marine  
  126  11:37  Marine  
  127  11:43  Orbital Command  
  127  11:46  Marine x2  
  122  11:51  Marine x2  
  124  11:59  Marine  
  124  12:13  Liberator  
  124  12:14  Liberator  
  124  12:15  Marine  
  123  12:24  Marine  
  123  12:56  Liberator  
  126  13:00  Marine  
  127  13:07  SCV  
  127  13:10  Marine  
  129  13:14  Siege Tank  
  115  13:22  Marine  
  115  13:23  Marine x3  
  107  13:35  Marine x2  
  101  13:45  Marine  
Tags
 
Add a new tag
Caveats
  • Supply blocks, unpowered buildings, or Contaminate may cause inaccurate times.
  • Supply counts are checked every 10 seconds.